 Dungeon Crawl Stone Soup version 0.29.1-13-g9f3cf754e1 (webtiles) character file.

Game seed: 13193768048409297925

451 sankara the Chiller (level 6, -13/45 HPs)
             Began as a Draconian Ice Elementalist on Feb 10, 2023.
             Mangled by a two-headed ogre
             ... wielding a +0 giant club
              (25 damage)
             ... on level 5 of the Dungeon.
             The game lasted 00:14:46 (5717 turns).

sankara the Chiller (Draconian Ice Elementalist)    Turns: 5717, Time: 00:14:47

Health: -13/45     AC: 13    Str: 10    XL:     6   Next: 75%
Magic:  0/11       EV: 12    Int: 18    God:
Gold:   271        SH:  0    Dex: 11    Spells: 0/11 levels left

rFire   . . .      SeeInvis .   a - +0 dagger
rCold   . . .      Faith    .   (no shield)
rNeg    . . .      Spirit   .   (body armour unavailable)
rPois   +          Reflect  .   (helmet restricted)
rElec   .          Harm     .   (no cloak)
rCorr   .          Rampage  .   f - +0 pair of gloves
Will    .....                   (no boots)
Stlth   ++........              (no amulet)
HPRegen 0.15/turn               e - ring of poison resistance
MPRegen 0.12/turn               (no ring)

@: ice-armoured, freezing walls
A: AC +6, unfitting armour, cold-blooded
a: no special abilities


You were on level 5 of the Dungeon.
You visited 1 branch of the dungeon, and saw 5 of its levels.

You collected 271 gold pieces.

Inventory:

Hand Weapons
 a - a +0 dagger (weapon)
Missiles
 j - 16 poisoned darts (quivered)
Armour
 f - a +0 pair of gloves (worn)
Magical Staves
 p - a staff of air
Jewellery
 e - a ring of poison resistance (left hand)
Wands
 r - a wand of flame (17)
Scrolls
 c - 2 scrolls of fog {unknown}
 g - 2 scrolls of enchant weapon {unknown}
 h - 2 scrolls of identify {unknown}
 k - a scroll of immolation {unknown}
 l - 2 scrolls of amnesia {unknown}
 n - 5 scrolls of teleportation {unknown}
 t - 3 scrolls of fear {unknown}
 u - a scroll of poison {unknown}
 v - a scroll of noise {unknown}
 w - a scroll of vulnerability {unknown}
 x - a scroll of blinking {unknown}
 y - a scroll of enchant armour {unknown}
Potions
 b - 2 potions of ambrosia {unknown}
 d - a potion of magic
 i - a potion of resistance {unknown}
 m - 3 potions of curing {unknown}
 o - 2 potions of brilliance {unknown}
 q - 2 potions of mutation {unknown}
 s - a potion of degeneration {unknown}


   Skills:
 + Level 3.2 Dodging
 - Level 3.2 Stealth
 + Level 3.3 Spellcasting
 * Level 1.8 Conjurations
 + Level 5.7 Ice Magic
 - Level 1.1 Evocations


You couldn't memorise any spells.
You knew the following spells:

 Your Spells              Type           Power      Damage    Failure   Level
a - Freeze                Ice            92%        1d10      1%          1
b - Frozen Ramparts       Ice            46%        1d7       4%          3
c - Ozocubu's Armour      Ice            23%        N/A       4%          3
d - Hailstorm             Conj/Ice       16%        3d6       32%         4

Your spell library contained the following spells:

 Spells                   Type           Power      Damage    Failure   Level


Dungeon Overview and Level Annotations

Branches:
Dungeon (5/15)
 Temple: D:4-7

Altars:
Kikubaaqudgha
Vehumet

Shops:
D:2 *

Annotations:
D:4 Blork the orc


Innate Abilities, Weirdness & Mutations

Your plain brown scales are hard. (AC +6)
You cannot fit into any form of body armour.
You are cold-blooded and may be slowed by cold attacks.


Message History

Unknown command.
Casting: Freeze (safe; 1% risk of failure)
Confirm with . or Enter, or press ? or * to list all spells.
Aiming: Freeze (safe; 1% risk of failure)
Press: ? - help, Shift-Dir - straight line, f/p - two-headed ogre
Aim: a two-headed ogre, wielding a +0 giant club and a +2 dire flail of protection (moderately wounded)
You freeze the two-headed ogre.
The two-headed ogre is moderately wounded.
The wall freezes the two-headed ogre.
The two-headed ogre hits you with a +0 giant club!
The two-headed ogre hits you with a +2 dire flail of protection.
Casting: Freeze (safe; 1% risk of failure)
Confirm with . or Enter, or press ? or * to list all spells.
Aiming: Freeze (safe; 1% risk of failure)
Press: ? - help, Shift-Dir - straight line, f/p - two-headed ogre
Aim: a two-headed ogre, wielding a +0 giant club and a +2 dire flail of protection (moderately wounded)
You freeze the two-headed ogre.
The two-headed ogre is moderately wounded.
The wall freezes the two-headed ogre.
The two-headed ogre barely misses you.
The two-headed ogre hits you with a +2 dire flail of protection.
* * * LOW HITPOINT WARNING * * *
Casting: Freeze (safe; 1% risk of failure)
Confirm with . or Enter, or press ? or * to list all spells.
Aiming: Freeze (safe; 1% risk of failure)
Press: ? - help, Shift-Dir - straight line, f/p - two-headed ogre
Aim: a two-headed ogre, wielding a +0 giant club and a +2 dire flail of protection (moderately wounded)
You freeze the two-headed ogre.
The two-headed ogre is heavily wounded.
Unknown command.
Casting: Freeze (safe; 1% risk of failure)
Confirm with . or Enter, or press ? or * to list all spells.
Aiming: Freeze (safe; 1% risk of failure)
Press: ? - help, Shift-Dir - straight line, f/p - two-headed ogre
Aim: a two-headed ogre, wielding a +0 giant club and a +2 dire flail of protection (heavily wounded)
You freeze the two-headed ogre.
The two-headed ogre is heavily wounded.
The wall freezes the two-headed ogre.
The two-headed ogre hits you with a +0 giant club!!
Ouch! That really hurt!
You die...

##########
###########........#
#.............####.
###.#########.#.#
....# #.#.# #####
#.#.#
##########.#.## ##
#....<........#
.###.########.##@#
.# .....# #.##O# .#
.##### #. #†# .#
##### #.##.###.#
....# ####.>......#
#.#.# #..........(#
..# ...........#####
.# #+##...........#
.+ #.......###.#


You could see a two-headed ogre.

Vanquished Creatures
  An ogre (D:4)
  A necrophage (D:5)
  A hound (D:5)
  A gnoll bouda (D:5)
  2 iguanas
  4 gnolls (D:5)
  5 adders
  2 ufetubi (D:4)
  2 worms (D:2)
  8 orcs (D:3)
  6 endoplasms
  8 giant cockroaches
  3 goblins
  10 hobgoblins
  4 jackals (D:3)
  3 kobolds
  A quokka (D:1)
  3 ball pythons (D:1)
  9 bats
  3 frilled lizards
  14 rats
91 creatures vanquished.

Vanquished Creatures (others)
  A minotaur (D:1)
  A demonspawn (D:1)
  A draconian (D:1)
  An elf (D:1)
  A formicid (D:1)
  2 felids (D:1)
  2 mummies (D:1)
  3 gnolls (D:1)
  A plant (D:5)
  8 tentacles (D:1)
21 creatures vanquished.

Grand Total: 112 creatures vanquished

Notes
Turn   | Place    | Note
-------+----------+-------------------------------------------
     0 | D:1      | sankara the Draconian Ice Elementalist began the quest for
                  | the Orb.
     0 | D:1      | Reached XP level 1. HP: 14/14 MP: 3/3
     0 | D:1      | Noticed a minotaur
     0 | D:1      | Noticed a draconian
     0 | D:1      | Noticed a demonspawn
     0 | D:1      | Noticed a formicid
     0 | D:1      | Noticed a kraken
     0 | D:1      | Noticed a felid
     0 | D:1      | Noticed a felid
     0 | D:1      | Noticed an elf
     3 | D:1      | Killed a draconian
     7 | D:1      | Killed a formicid
     7 | D:1      | Killed a felid
    10 | D:1      | Killed a minotaur
    14 | D:1      | Killed a felid
    17 | D:1      | Killed an elf
    20 | D:1      | Killed a demonspawn
   227 | D:1      | Reached XP level 2. HP: 18/20 MP: 1/5
   932 | D:1      | Reached XP level 3. HP: 26/26 MP: 4/6
  1054 | D:2      | Learned a level 3 spell: Frozen Ramparts
  1802 | D:2      | Found a faded altar of an unknown god.
  1974 | D:2      | Found Usosaal's General Store.
  2479 | D:3      | Reached XP level 4. HP: 31/33 MP: 2/7
  2611 | D:3      | Learned a level 3 spell: Ozocubu's Armour
  2618 | D:3      | Found an ancient bone altar of Kikubaaqudgha.
  3326 | D:3      | Reached skill level 5 in Ice Magic
  3802 | D:4      | Noticed Blork the orc
  4020 | D:4      | Reached XP level 5. HP: 35/38 MP: 4/9
  4207 | D:4      | Found a radiant altar of Vehumet.
  4905 | D:4      | Noticed an ogre
  4919 | D:4      | Killed an ogre
  4920 | D:4      | Reached skill level 1 in Evocations
  5186 | D:5      | Entered Level 5 of the Dungeon
  5206 | D:5      | Reached XP level 6. HP: 33/45 MP: 0/10
  5211 | D:5      | Learned a level 4 spell: Hailstorm
  5372 | D:5      | Reached skill level 1 in Conjurations
  5696 | D:5      | Noticed a two-headed ogre
  5717 | D:5      | Mangled by a two-headed ogre

Illustrated notes

Levels and vault maps discovered:
D:1:      nicolae_arrival_kraken_aquarium_a, layout_basic
D:2:      layout_basic, serial_shops, nicolae_shop_behind_doors,
          shapermc_ecumenical_altar_venn, minmay_parallelograms,
          minmay_split_cup_small
D:3:      layout_loops_cross, kiku_gazebo_pond_becter
D:4:      layout_layer_cave, fiery_altar_vehumet,
          hangedman_decor_diamond_cutter, uniq_blork_the_orc
D:5:      layout_loops_ring, general_overflow_altar, minivault_23,
          saegor_snake_ambush, uniq_crazy_yiuf_cottage, uniq_menkaure,
          uniq_grinder

Skill      XL: |  1  2  3  4  5  6 |
---------------+-------------------+-----
Stealth        | 2 3 |  3.2
Dodging        | 2 3 |  3.2
Ice Magic      | 5 |  5.7
Spellcasting   | 3 |  3.3
Evocations     | 1 |  1.1
Conjurations   | 1 |  1.8

Action                   |  1- 3 |  4- 6 || total
-------------------------+-------+-------++-------
Melee: Dagger            |    18 |    68 ||    86
       Tailslap          |     1 |     6 ||     7
Throw: Dart              |       |    15 ||    15
 Cast: Freeze            |    48 |    15 ||    63
       Frozen Ramparts   |     4 |    32 ||    36
       Ozocubu's Armour  |       |     8 ||     8
Armor: Skin              |    16 |    24 ||    40
Dodge: Dodged            |    36 |    60 ||    96
